 Dungeon Crawl Stone Soup version 0.21.1-1-g345015fe64 (webtiles) character file.

17119 Lavandula the Cruncher (level 12, -29/84 HPs)
             Began as a Barachi Earth Elementalist on July 1, 2018.
             Was an Elder of Cheibriados.
             Killed from afar by an orc sorcerer (37 damage)
             ... with a bolt of fire
             ... while paralysed by an orc sorcerer
             ... on level 1 of the Orcish Mines on July 3, 2018.
             The game lasted 00:52:04 (6912 turns).

Lavandula the Cruncher (Barachi Earth Elementalist) Turns: 6912, Time: 00:52:06

Health: -29/84     AC: 12    Str: 18    XL:     12   Next: 44%
Magic:  9/22       EV:  2    Int: 30    God:    Cheibriados [****..]
Gold:   547        SH:  0    Dex: 22    Spells: 12/25 levels left

rFire    . . .     SeeInvis .   F - +4 lajatang (vamp)
rCold    . . .     Gourm    .   (shield currently unavailable)
rNeg     . . .     Faith    .   H - +4 scale mail
rPois    .         Spirit   .   x - +0 helmet
rElec    .         Reflect  +   (no cloak)
rCorr    +         Harm     .   s - +0 pair of gloves
MR       .....                  (no boots)
Stlth    +.........             p - +3 amulet of reflection
HPRegen  0.24/turn              q - ring of resist corrosion
MPRegen  0.18/turn              (no ring)

@: paralysed, can't hop, drained, very slow
A: +LOS, swims, slowness 1, strong legs 1
a: Hop, Bend Time, Temporal Distortion, Slouch, Renounce Religion


You were on level 1 of the Orcish Mines.
You worshipped Cheibriados.
Cheibriados was greatly pleased with you.
You were very hungry.

You visited 3 branches of the dungeon, and saw 16 of its levels.
You also visited: Sewer.

You collected 979 gold pieces.
You spent 432 gold pieces at shops.

Inventory:

Hand Weapons
 g - the +11 war axe "Oqyn" {speed, +Fly rElec Str+2}
   (You found it on level 9 of the Dungeon)

   Attacks with this weapon are significantly faster.
   It affects your strength (+2).
   It insulates you from electricity.
   It lets you fly.
   Cheibriados disapproves of the use of such an item.
 v - the +8 rapier of the Apocalypse {venom, rF- Int+6}
   (You found it on level 4 of the Dungeon)

   It poisons the flesh of those it strikes.
   It affects your intelligence (+6).
   It makes you vulnerable to fire.
 E - a +0 dagger of venom
 F - a +4 vampiric lajatang (weapon)
 I - a +1 rapier of freezing
 N - a +0 blowgun
Missiles
 b - 71 stones (quivered)
 P - 2 throwing nets
Armour
 n - a +0 chain mail
 o - a +1 scale mail of fire resistance
 s - a +0 pair of gloves (worn)
 x - a +0 helmet (worn)
 B - a +2 buckler
 H - a +4 scale mail (worn)
 L - the +1 ring mail of the Falcon {rC+ rN++}
   (You found it on level 9 of the Dungeon)

   It protects you from cold.
   It greatly protects you from negative energy.
Jewellery
 p - a +3 amulet of reflection (around neck)
 q - a ring of resist corrosion (left hand)
 r - an uncursed ring of protection from magic
 u - an uncursed ring of protection from magic
 S - an uncursed ring of ice
Wands
 D - a wand of digging (14)
 J - a wand of iceblast (9)
 Q - a wand of polymorph (22)
 T - a wand of flame (26)
Scrolls
 j - a scroll of teleportation
 m - a scroll of blinking
 y - 2 scrolls of fog
 A - 3 scrolls of brand weapon
 C - a scroll of amnesia {unknown}
 K - a scroll of noise {unknown}
 M - 3 scrolls of fear {unknown}
 O - 2 scrolls of magic mapping
 R - 3 scrolls of remove curse
Potions
 a - 3 potions of agility
 c - a potion of berserk rage {unknown}
 h - 7 potions of curing
 k - 2 potions of flight {unknown}
 l - 2 potions of haste {unknown}
 t - 3 potions of lignification
 w - 2 potions of brilliance
 G - a potion of mutation {unknown}
Books
 e - a book of Geomancy

   Spells                             Type                      Level
   a - Sandblast                      Earth                        1
   b - Passwall                       Transmutation/Earth          2
   c - Stone Arrow                    Conjuration/Earth            3
   d - Petrify                        Transmutation/Earth          4
   e - Lee's Rapid Deconstruction     Earth                        5
Miscellaneous
 z - a fan of gales
Comestibles
 d - 22 rations


   Skills:
 - Level 4.4(3.3) Fighting
 - Level 4.5(3.4) Short Blades
 - Level 7.9(6.7) Axes
 + Level 10.1(8.8) Staves
 - Level 0.2(0.0) Armour
 - Level 8.7(7.5) Dodging
 - Level 1.7(0.7) Stealth
 - Level 7.1(6.0) Spellcasting
 - Level 1.1(0.1) Transmutations
 - Level 7.0(5.8) Earth Magic
 - Level 8.7(7.4) Invocations


You had 12 spell levels left.
You knew the following spells:

 Your Spells              Type           Power        Failure   Level  Hunger
a - Sandblast             Erth           #####.       1%          1    None
b - Stone Arrow           Conj/Erth      ####..       16%         3    None
c - Petrify               Tmut/Erth      ####....     45%         4    ###....
d - Lee's Rapid Deconstr  Erth           #####.....   41%         5    #####..


Dungeon Overview and Level Annotations

Branches:
Dungeon (13/15)            Temple (1/1) D:6             Orc (2/2) D:12
   Lair: D:8-11         Elf: Orc:2       Vaults: D:13-14

Altars:
Cheibriados
Dithmenos
Elyvilon
Fedhas
Gozag
Kikubaaqudgha
Makhleb
Nemelex Xobeh
Okawaru
Qazlal
Ru
Sif Muna
Trog
Wu Jian
Yredelemnul
Zin
The Shining One

Shops:
D:4 }   D:7 [   D:11 (   D:12 }   Orc:2 *

Portals:
Trove: D:11 (give 3 potions of resistance)

Annotations:
D:3 kakarotto's ghost, weakling GrFi
D:10 makkenr95's ghost, novice MiFi


Innate Abilities, Weirdness & Mutations

Shadows flee at your approach. (+LOS)
You can swim through water.
You cover ground slowly.
You can hop short distances.


Message History

Evoke which item? (* to show all) (? for menu, Esc to quit)
Okay, then.
Okay, then.
You can feel time thicken for a moment.
You feel somewhat more hungry.
Cheibriados lowers the support of your attributes as your movement quickens.
The orc sorcerer completely misses you.
Unknown command.
You hit the orc sorcerer.
You feel better.
The orc sorcerer is severely wounded.
The orc sorcerer casts a spell at you.
You suddenly lose the ability to move!
The orc sorcerer hits you but does no damage.
The orc sorcerer gestures at you while chanting.
You shrug off the repeated paralysis!
The orc sorcerer casts a spell at you. The bolt of negative energy hits you!
You feel drained.
* * * LOW HITPOINT WARNING * * *
The orc sorcerer gestures at you while chanting.
The bolt of fire hits you!
You die...

############ #### ###
##.#..##..#.###..### ##..
#..[)........#.....#####...
##.##.......#.......##.#...
######..#.o..........#......
##.##.......@......#.........
#............................
##............................
#.........#...................
##.#..#...##...........#.....#
#####......................##
##.#.##...............##
#####.##.........##......#
####.##....................##


You could see an orc sorcerer.

Vanquished Creatures
  Fannar (D:12)
  5 two-headed ogres
  An orc knight (Orc:2)
  An ugly thing (D:11)
  2 deep elf magi
  A gargoyle (D:12)
  4 polar bears
  A hippogriff (D:11)
  A water elemental (D:12)
  A wraith (D:12)
  A human (D:7)
  7 hogs (D:7)
  A steam dragon (D:8)
  Menkaure (D:4)
  A warg (Orc:2)
  The ghost of Htamos the Ducker, an amateur SpBe of Trog (D:4)
  A porcupine (D:9)
  13 orc warriors
  13 black bears
  6 ice beasts
  A sky beast (D:9)
  A necrophage (D:11)
  7 ogres
  4 centaurs
  4 phantoms
  A wolf (D:9)
  2 crocodiles
  3 big kobolds
  5 bullfrogs
  A wyvern zombie (D:12)
  2 scorpions
  15 killer bees
  4 wights (D:6)
  3 howler monkeys
  2 electric eels
  4 crimson imps
  6 hounds
  A gnoll shaman (D:7)
  9 orc priests
  3 bullfrog skeletons
  2 iguanas
  2 centaur skeletons
  Natasha (twice) (D:2)
  15 orc wizards
  6 worker ants
  A hound skeleton (D:9)
  13 gnolls
  15 adders
  3 shadow imps
  3 white imps
  A worker ant simulacrum (D:9)
  An ufetubus (D:9)
  15 oozes
  3 worms
  3 dart slugs
  2 adder simulacra (D:9)
  16 leopard geckos
  36 orcs
  7 ball pythons
  6 bats
  16 giant cockroaches
  6 goblins
  5 hobgoblins
  12 jackals
  6 quokkas
  A ball python skeleton (D:6)
  18 frilled lizards
  11 kobolds
  7 rats
375 creatures vanquished.

Vanquished Creatures (others)
  A centaur (D:12)
  2 fungi (Orc:2)
  13 plants (D:12)
16 creatures vanquished.

Grand Total: 391 creatures vanquished

Notes
Turn   | Place    | Note
-------+----------+-------------------------------------------
     0 | D:1      | Lavandula the Barachi Earth Elementalist began the quest for the Orb.
     0 | D:1      | Reached XP level 1. HP: 13/13 MP: 3/3
    55 | D:2      | Reached XP level 2. HP: 16/19 MP: 0/5
   169 | D:2      | Reached skill level 1 in Staves
   185 | D:2      | Reached XP level 3. HP: 10/24 MP: 1/6
   235 | D:2      | Found an ancient bone altar of Kikubaaqudgha.
   299 | D:2      | Noticed Natasha
   307 | D:2      | Killed Natasha
   307 | D:2      | Reached XP level 4. HP: 23/30 MP: 3/9
   312 | D:2      | Learned a level 3 spell: Stone Arrow
   326 | D:2      | Reached skill level 2 in Staves
   463 | D:3      | Noticed kakarotto's ghost (weakling GrFi)
   547 | D:2      | Noticed Natasha
   551 | D:2      | Reached skill level 3 in Staves
   560 | D:2      | Killed Natasha
   560 | D:2      | Reached XP level 5. HP: 15/35 MP: 2/10
   635 | D:3      | Found a deep blue altar of Sif Muna.
   641 | D:3      | Reached skill level 1 in Fighting
   895 | D:4      | Noticed Htamos's ghost (amateur SpBe)
   905 | D:4      | Killed Htamos's ghost
   905 | D:4      | Reached XP level 6. HP: 40/49 MP: 7/11
   911 | D:4      | Learned a level 4 spell: Petrify
   950 | D:4      | Noticed a phantom
   997 | D:4      | Killed a phantom
  1040 | D:4      | Found a white marble altar of Elyvilon.
  1060 | D:4      | Got a faintly glowing rapier
  1061 | D:4      | Identified the +8 rapier of the Apocalypse {venom, rF- Int+6} (You found it on level 4 of the Dungeon)
  1086 | D:5      | Entered Level 5 of the Dungeon
  1131 | D:4      | Noticed Menkaure
  1140 | D:4      | Killed Menkaure
  1140 | D:4      | Reached skill level 5 in Earth Magic
  1140 | D:4      | Reached XP level 7. HP: 40/55 MP: 1/12
  1375 | D:4      | Found Ophuenwi's Gadget Emporium.
  1384 | D:4      | Found a blossoming altar of Fedhas.
  1839 | D:5      | Found a bloodstained altar of Trog.
  1841 | D:5      | Found a glowing silver altar of Zin.
  1936 | D:5      | Reached XP level 8. HP: 61/61 MP: 11/13
  1943 | D:5      | Learned a level 5 spell: Lee's Rapid Deconstruction
  1957 | D:5      | Found a stormy altar of Qazlal.
  1959 | D:5      | Noticed a water elemental
  1959 | D:5      | Noticed an air elemental
  2036 | D:6      | Found a staircase to the Ecumenical Temple.
  2043 | Temple   | Entered the Ecumenical Temple
  2066 | Temple   | Became a worshipper of Cheibriados the Contemplative
  2144 | D:6      | Found an opulent altar of Gozag.
  2164 | D:6      | Found a glowing drain.
  2178 | Sewer    | Entered a sewer
  2228 | Sewer    | Reached skill level 1 in Short Blades
  2250 | Sewer    | Reached * piety under Cheibriados
  2341 | Sewer    | Reached ** piety under Cheibriados
  2526 | D:6      | Reached *** piety under Cheibriados
  2579 | D:6      | Noticed a deep elf mage
  2583 | D:6      | Killed a deep elf mage
  2629 | D:6      | Reached XP level 9. HP: 38/66 MP: 10/19
  2773 | D:7      | Found a huge runed gate.
  2773 | D:7      | Found a huge runed gate.
  2773 | D:7      | Found a huge runed gate.
  2773 | D:7      | Found a huge runed gate.
  2773 | D:7      | Noticed a polar bear
  2856 | D:8      | Reached skill level 5 in Dodging
  2920 | D:7      | Reached **** piety under Cheibriados
  3062 | D:7      | Found Vintatuf's Antique Armour Shop.
  3208 | D:7      | Reached skill level 1 in Invocations
  3208 | D:7      | Reached XP level 10. HP: 69/73 MP: 14/20
  3220 | D:7      | Reached skill level 5 in Invocations
  3440 | D:8      | Reached ***** piety under Cheibriados
  3659 | D:8      | Noticed a two-headed ogre
  3662 | D:8      | Killed a two-headed ogre
  3698 | D:9      | Noticed a two-headed ogre
  3702 | D:9      | Killed a two-headed ogre
  3702 | D:9      | Reached XP level 11. HP: 73/78 MP: 4/21
  3816 | D:9      | Got a translucent war axe
  3817 | D:9      | Identified the +11 war axe "Oqyn" {speed, +Fly rElec Str+2} (You found it on level 9 of the Dungeon)
  3838 | D:9      | Reached skill level 1 in Axes
  3886 | D:9      | Identified a scroll of acquirement
  3892 | D:9      | Got a polished ring mail
  3903 | D:9      | Identified the cursed +1 ring mail of the Falcon {rC+ rN++} (You found it on level 9 of the Dungeon)
  4040 | D:9      | Found a burning altar of Makhleb.
  4178 | D:10     | Entered Level 10 of the Dungeon
  4253 | D:10     | Noticed makkenr95's ghost (novice MiFi)
  4260 | D:11     | Found a shadowy altar of Dithmenos.
  4301 | D:11     | Found a portal to a secret trove of treasure.
  4332 | D:11     | Reached skill level 5 in Axes
  4339 | D:11     | Reached ****** piety under Cheibriados
  4405 | D:11     | Noticed a two-headed ogre
  4412 | D:11     | Killed a two-headed ogre
  4843 | D:11     | Found a glowing golden altar of the Shining One.
  4898 | D:12     | Noticed a purple ugly thing
  5033 | D:11     | Found Wiylepta's Weapon Boutique.
  5046 | D:11     | Noticed a cyan ugly thing
  5057 | D:11     | Killed a cyan ugly thing
  5096 | D:11     | Reached skill level 4 in Staves
  5137 | D:12     | Noticed a two-headed ogre
  5520 | D:12     | Found Beuhij's Gadget Shoppe.
  5526 | D:12     | Bought a wand of digging (14) for 432 gold pieces
  5542 | D:12     | Reached skill level 5 in Staves
  5582 | D:12     | Killed a two-headed ogre
  5582 | D:12     | Reached skill level 6 in Staves
  5625 | D:12     | Found a staircase to the Orcish Mines.
  5723 | Orc:1    | Entered Level 1 of the Orcish Mines
  5745 | D:12     | Reached XP level 12. HP: 83/84 MP: 3/22
  5757 | D:12     | Reached skill level 7 in Staves
  5794 | D:12     | Noticed Fannar
  5844 | D:12     | Killed Fannar
  5844 | D:12     | Reached skill level 8 in Staves
  6108 | Orc:1    | Reached skill level 9 in Staves
  6263 | Orc:2    | Entered Level 2 of the Orcish Mines
  6263 | Orc:2    | Found Izofif's General Store.
  6263 | Orc:2    | Noticed an orc warlord
  6462 | Orc:2    | Noticed a two-headed ogre
  6631 | Orc:1    | Killed a two-headed ogre
  6637 | Orc:1    | Reached skill level 10 in Staves
  6908 | Orc:1    | Paralysed by an orc sorcerer for 7 turns
  6912 | Orc:1    | Killed from afar by an orc sorcerer

Skill      XL: |  1  2  3  4  5  6  7  8  9 10 11 12 |
---------------+-------------------------------------+-----
Staves         | 1 3 6 10 | 10.1
Spellcasting   | 3 6 7 |  7.1
Fighting       | 4 |  4.4
Earth Magic    | 5 7 |  7.0
Short Blades   | 3 4 |  4.5
Dodging        | 8 |  8.7
Invocations    | 1 8 |  8.7
Axes           | 7 |  7.9
Armour         | |  0.2
Stealth        | |  1.7
Transmutations | |  1.1

Action                   |  1- 3 |  4- 6 |  7- 9 | 10-12 || total
-------------------------+-------+-------+-------+-------++-------
Melee: Unarmed           |    25 |       |       |       ||    25
       Quarterstaff      |    15 |    85 |    45 |       ||   145
       Rapier            |       |       |   128 |    90 ||   218
       Lajatang          |       |       |       |   159 ||   159
 Cast: Sandblast         |    22 |    54 |    55 |   108 ||   239
       Stone Arrow       |       |     3 |     2 |    13 ||    18
       Lee's Rapid Decon |       |       |    15 |    46 ||    61
       Petrify           |       |       |       |    10 ||    10
Invok: Slouch            |       |       |       |     4 ||     4
       Step From Time    |       |       |       |     1 ||     1
 Abil: Hop               |     1 |     3 |     1 |    19 ||    24
Evoke: Wand              |       |     4 |       |     5 ||     9
  Use: Scroll            |       |     5 |     4 |    12 ||    21
       Potion            |       |       |       |     3 ||     3
 Stab: Sleeping          |     1 |     1 |     3 |     3 ||     8
       Petrified         |       |       |       |     6 ||     6
       Petrifying        |       |       |       |     1 ||     1
  Eat: Chunk             |       |     2 |     9 |    10 ||    21
       Ration            |       |       |       |     3 ||     3
Armor: Robe              |    12 |    11 |    41 |     7 ||    71
       Scale mail        |       |       |       |    63 ||    63
       Ring mail         |       |       |       |    26 ||    26
       Skin              |       |       |       |    11 ||    11
Dodge: Dodged            |    41 |    60 |   140 |   375 ||   616
Block: Other             |       |     2 |    21 |    56 ||    79
       Reflection        |       |       |       |     7 ||     7
